 Dungeon Crawl Stone Soup version 0.31-a0-636-ge1c0e020e0 (webtiles) character file.

Game seed: 15647074559181378955

1613 Revguard the Wallflower (level 8, -1/91 HPs)
             Began as a Demonspawn Gladiator on Aug 26, 2023.
             Was a Follower of Uskayaw.
             Slain by an orc warrior
             ... wielding a +0 battleaxe
              (13 damage)
             ... on level 6 of the Dungeon.
             The game lasted 00:17:31 (5414 turns).

Revguard the Wallflower (Demonspawn Gladiator)      Turns: 5414, Time: 00:17:32

Health: -1/91      AC: 11    Str: 15    XL:     8   Next: 64%
Magic:  11/11      EV:  8    Int: 10    God:    Uskayaw [*.....]
Gold:   427        SH:  7    Dex: 22    Spells: 7/7 levels left

rFire   . . .        a - +0 long sword
rCold   . . .        k - +1 buckler
rNeg    . . .        b - +0 plate armour
rPois   +            (helmet restricted)
rElec   .            (no cloak)
rCorr   .            (no gloves)
SInv    .            (no boots)
Will    .....        (no amulet) Stlth
                     j - +6 ring of dexterity
HPRegen 0.35/turn    c - ring of poison resistance
MPRegen 0.12/turn

%: clarity
@: berserking, very quick
A: hooves 1, repulsion field 1, powered by death 2, beak, clarity, screaming 1
a: Renounce Religion, Stomp


You were on level 6 of the Dungeon.
You worshipped Uskayaw.
Uskayaw was noncommittal.
You visited 2 branches of the dungeon, and saw 7 of its levels.
You also visited: Sewer.

You collected 427 gold pieces.

Inventory:

Hand Weapons
 a - a +0 long sword (weapon)
 u - a +0 hand axe of flaming
Missiles
 d - 4 throwing nets (quivered)
 e - a javelin
Armour
 b - a +0 plate armour (worn)
 k - a +1 buckler (worn)
 w - a +0 chain mail
Jewellery
 c - a ring of poison resistance (right hand)
 j - a +6 ring of dexterity (left hand)
 p - a ring of protection from cold
 r - a ring of willpower
 y - a ring of resist corrosion
Wands
 n - a wand of iceblast (13)
 s - a wand of polymorph (6)
Scrolls
 h - 3 scrolls of enchant armour
 l - a scroll of fog
 m - 4 scrolls of revelation
 o - 6 scrolls of fear
 x - 4 scrolls of teleportation
Potions
 g - 4 potions of curing
 i - a potion of berserk rage
 q - a potion of might
 t - 3 potions of brilliance
 z - a potion of attraction


   Skills:
 + Level 4.6 Fighting
 + Level 4.6 Long Blades
 - Level 2.1 Throwing
 + Level 3.4 Armour
 + Level 4.6 Dodging
 + Level 3.2 Shields
 + Level 5.0 Invocations
 + Level 3.9 Evocations


You had 7 spell levels left.
You didn't know any spells.
Your spell library contained the following spells:

 Spells                   Type           Power      Damage    Failure   Level
 Sting                    Tmut/Pois      0%         1d3       100%        1
 Blink                    Tloc           0%         N/A       100%        2
 Poisonous Vapours        Pois/Air       0%         N/A       100%        2
 Inner Flame              Hex/Fire       0%         N/A       100%        3
 Flame Wave               Conj/Fire      0%         2d4       100%        4
 Manifold Assault         Tloc           0%         N/A       100%        4
 Olgreb's Toxic Radiance  Pois           0%         N/A       100%        4
 Sticky Flame             Conj/Fire      0%         2d3       100%        4
 Yara's Violent Unravell  Hex/Tmut       0%         3d3       100%        5
 Enfeeble                 Hex            0%         N/A       100%        7
 Chain Lightning          Conj/Air       0%         N/A       100%        9
 Fire Storm               Conj/Fire      0%         5d1       100%        9
 Shatter                  Erth           0%         3d5*      100%        9


Dungeon Overview and Level Annotations

Branches:
Dungeon (6/15)             Temple (1/1) D:4           Sewer (visited)

Altars:
Ashenzari
Cheibriados
Dithmenos
Fedhas
Gozag
Hepliaklqana
Kikubaaqudgha
Makhleb
Nemelex Xobeh
Qazlal
Ru
Sif Muna
Trog
Uskayaw
Yredelemnul


Innate Abilities, Weirdness & Mutations

You have large cloven feet.
You are surrounded by a mild repulsion field. (EV +2)
You regenerate health from kills.
You have a beak for a mouth.
You possess an exceptional clarity of mind.
You occasionally shout uncontrollably at your foes.


Message History

Things that are here:
a +0 whip; a +1 leather armour of poison resistance An orc comes into view.
It is wielding a +1 short sword of venom.
Found a potion of heal wounds.
You block the orc warrior's attack.
The orc moves out of view.
You closely miss the orc warrior. Your kick misses the orc warrior.
The orc warrior hits you with a +0 battleaxe.
The orc priest invokes the aid of Beogh against you.
Beogh smites you!
The orc warrior hits you with a +0 battleaxe.
The orc priest invokes the aid of Beogh against you.
Beogh smites you!
You hear a shout!
The orc warrior attacks as it pursues you!
The orc warrior hits you with a +0 battleaxe.
Things that are here:
a +0 whip; a +1 leather armour of poison resistance You closely miss the orc warrior.
The orc warrior closely misses you.
Aiming: Quicksilver Bolt
Press: ? - help, Shift-Dir - straight line, f - orc warrior
Aim: an orc warrior, wielding a +0 battleaxe and wearing a +0 chain mail (71% to hit)
The bolt of dispelling energy hits the orc warrior!!
The orc warrior is severely wounded.
The now-empty wand crumbles to dust.
An orc comes into view. It is wielding a +0 hand axe.
The orc warrior hits you with a +0 battleaxe.
Okay, then.
You hit the orc warrior but do no damage.
The orc warrior is severely wounded.
The orc priest invokes the aid of Beogh against you.
Beogh smites you!
* * * LOW HITPOINT WARNING * * *
The orc warrior hits you but does no damage.
A red film seems to cover your vision as you go berserk!
You feel yourself moving faster!
You feel mighty!
The orc priest invokes the aid of Beogh against you.
Beogh smites you!
* * * LOW HITPOINT WARNING * * *
The orc warrior hits you with a +0 battleaxe!
You die...

.≈##)###... ..#
.≈...###.####.#
.≈...#........#
.....)#....#..#######
>....#...#..........####
######...###..##.......#
#>.......##.##.##.#
#.......###.# #
#.......#### #@#
#.##.##.# #o# # ...##.#
#....!... #..#.....
oo####.## ..... ##.#
...# .# # .. ....#
.#.....# #.....# #######


You could see an orc warrior, an orc priest and an orc.

Vanquished Creatures
  2 water moccasins
  2 black bears (D:5)
  An orc warrior (D:6)
  3 ogres
  3 scorpions
  A water moccasin zombie (D:4)
  A jelly (D:4)
  3 sleepcaps
  3 orc priests
  A hound (D:4)
  A scorpion zombie (D:4)
  3 iguanas
  An orc wizard (D:5)
  A hound zombie (D:4)
  3 gnolls (D:4)
  9 adders
  A river rat (D:4)
  A shadow imp (D:5)
  2 adder zombies (D:4)
  6 worms
  3 dart slugs
  9 orcs
  11 bats
  11 endoplasms
  4 giant cockroaches
  6 goblins
  12 hobgoblins
  6 jackals
  4 quokkas
  10 ball pythons
  3 frilled lizards
  8 kobolds
  8 rats
143 creatures vanquished.

Notes
Turn   | Place    | Note
-------+----------+-------------------------------------------
     0 | D:1      | Revguard the Demonspawn Gladiator began the quest for the
                  | Orb.
     0 | D:1      | Reached XP level 1. HP: 16/16 MP: 1/1
   165 | D:1      | Found a faded altar of an unknown god.
   175 | D:1      | Gained mutation: You regenerate a little health from kills.
                  | [demonic ancestry]
   175 | D:1      | Reached XP level 2. HP: 22/22 MP: 2/2
   813 | D:1      | Reached skill level 1 in Evocations
   813 | D:1      | Gained mutation: You are surrounded by a mild repulsion
                  | field. (EV +2) [demonic ancestry]
   813 | D:1      | Reached XP level 3. HP: 27/28 MP: 3/3
   849 | D:1      | Reached skill level 1 in Invocations
  1341 | D:2      | Gained mutation: You have large cloven feet. [demonic
                  | ancestry]
  1341 | D:2      | Reached XP level 4. HP: 28/34 MP: 5/5
  1810 | D:2      | Gained mutation: You have a pair of small horns on your
                  | head. [potion of mutation]
  1810 | D:2      | Gained mutation: Your flesh is heat resistant. (rF+)
                  | [potion of mutation]
  1933 | D:3      | Reached skill level 1 in Armour
  1990 | D:3      | Lost mutation: Your flesh is heat resistant. (rF+) [potion
                  | of mutation]
  1990 | D:3      | Lost mutation: You have a pair of small horns on your head.
                  | [potion of mutation]
  1990 | D:3      | Gained mutation: You occasionally lose the ability to drink
                  | potions when taking damage. [potion of mutation]
  1990 | D:3      | Gained mutation: Your muscles are strong. (Str +4, Int/Dex
                  | -1) [potion of mutation]
  1991 | D:3      | Lost mutation: Your muscles are strong. (Str +4, Int/Dex
                  | -1) [potion of mutation]
  1991 | D:3      | Lost mutation: You occasionally lose the ability to drink
                  | potions when taking damage. [potion of mutation]
  1991 | D:3      | Gained mutation: You possess an exceptional clarity of
                  | mind. [potion of mutation]
  1991 | D:3      | Gained mutation: You have a beak for a mouth. [potion of
                  | mutation]
  1991 | D:3      | Gained mutation: You occasionally shout uncontrollably at
                  | your foes. [potion of mutation]
  2059 | D:3      | Identified the +3 mace of Prudence {drain, rElec rPois rC-
                  | Str+6}
  2293 | D:3      | Reached skill level 1 in Shields
  2293 | D:3      | Reached XP level 5. HP: 31/39 MP: 6/6
  2666 | D:4      | Noticed an ogre
  2673 | D:4      | Reached skill level 2 in Invocations
  2674 | D:4      | Killed an ogre
  2675 | D:4      | Reached XP level 6. HP: 37/47 MP: 7/7
  2685 | D:4      | Found a glowing drain.
  2731 | Sewer    | Entered a sewer
  2753 | Sewer    | Noticed a water moccasin
  2766 | Sewer    | Killed a water moccasin
  3015 | D:4      | Found a staircase to the Ecumenical Temple.
  3020 | Temple   | Entered the Ecumenical Temple
  3071 | Temple   | Became a worshipper of Uskayaw the Reveller
  3109 | D:4      | Reached * piety under Uskayaw
  3150 | D:4      | Reached ** piety under Uskayaw
  3156 | D:4      | Reached skill level 3 in Invocations
  3159 | D:4      | Reached *** piety under Uskayaw
  3172 | D:4      | Reached XP level 7. HP: 31/52 MP: 9/9
  3178 | D:4      | Reached **** piety under Uskayaw
  3543 | D:4      | Found a basalt altar of Yredelemnul.
  3879 | D:5      | Entered Level 5 of the Dungeon
  4257 | D:5      | Found a stormy altar of Qazlal.
  4261 | D:5      | Found a sparkling altar of Nemelex Xobeh.
  4300 | D:5      | Reached skill level 4 in Invocations
  4351 | D:5      | Gained mutation: You regenerate health from kills. [demonic
                  | ancestry]
  4351 | D:5      | Reached XP level 8. HP: 11/60 MP: 11/11
  4922 | D:5      | Found a shimmering blue altar of Sif Muna.
  5293 | D:6      | Reached skill level 5 in Invocations
  5414 | D:6      | Slain by an orc warrior

Illustrated notes

Levels and vault maps discovered:
D:1:      shiori_arrival_oz, layout_basic, chequers_ecumenical_altar_island
D:2:      layout_loops_ring
D:3:      layout_basic, minmay_three_crescents
D:4:      minmay_opposing_rooms, layout_loops_ring,
          nicolae_yredelemnul_corpse_copse, temple_statues, portal_sewer_entry_b
D:5:      layout_basic, tgw_sif, grunt_temple_overflow_open,
          grunt_ministairs_12, kennysheep_dice
D:6:      layout_loops_cross, serial_rivers, chequers_serial_rivers_micro_b,
          chequers_serial_rivers_micro_a, chequers_serial_rivers_micro_d,
          chequers_serial_rivers_micro_d, chequers_serial_rivers_small_b
Temple:   cyrus_circular_temple

Skill      XL: |  1  2  3  4  5  6  7  8 |
---------------+-------------------------+-----
Throwing       | 2 |  2.1
Evocations     | 1 2 3 |  3.9
Invocations    | 1 2 3 4 5 |  5.0
Long Blades    | 3 4 |  4.6
Dodging        | 3 4 |  4.6
Armour         | 1 2 3 |  3.4
Shields        | 1 2 3 |  3.2
Fighting       | 3 4 |  4.6

Action                     |  1- 3 |  4- 6 |  7- 9 || total
---------------------------+-------+-------+-------++-------
  Melee: Long sword        |   110 |   128 |   140 ||   378
         Punch             |     1 |       |       ||     1
         Kick              |       |    28 |    50 ||    78
         Headbutt          |       |     8 |       ||     8
         Peck              |       |    17 |    31 ||    48
 Invoke: Stomp             |       |     3 |       ||     3
  Evoke: Wand              |       |     1 |     3 ||     4
    Use: Potion            |       |     8 |     5 ||    13
         Scroll            |       |     9 |     1 ||    10
   Stab: Sleeping          |     4 |       |       ||     4
         Paralysed         |       |       |     4 ||     4
 Armour: Leather armour    |    54 |     6 |       ||    60
         Ring mail         |       |     6 |       ||     6
         Chain mail        |       |    18 |    27 ||    45
         Plate armour      |       |       |    34 ||    34
  Dodge: Dodged            |   128 |    80 |    42 ||   250
  Block: Buckler           |    21 |    40 |    41 ||   102

Table legend: (Time is in decaauts)
 A = Elapsed time spent in this place.
 B = Non-inter-level travel time spent in this place.
 C = Inter-level travel time spent in this place.
 D = Time resting spent in this place.
 E = Time spent auto-exploring this place.
 F = Levels seen in this place.
 G = Mean time per level.
                   A        B        C        D        E       F      G
               +--------+--------+--------+--------+--------+-----+--------+
         Total |   5536 |   5415 |    121 |    449 |   3034 |   8 |  692.0 |
       Dungeon |   5196 |   5075 |    121 |    283 |   3034 |   6 |  866.0 |
        Temple |     66 |     66 |      0 |      0 |      0 |   1 |   66.0 |
         Sewer |    273 |    273 |      0 |    166 |      0 |   1 |  273.0 |
               +--------+--------+--------+--------+--------+-----+--------+

Top non-repeatable levels by time:
     D:5: 1337 daAuts
     D:1: 1057 daAuts
     D:4: 973 daAuts
     D:2: 825 daAuts
     D:3: 788 daAuts
   Sewer: 273 daAuts
     D:6: 215 daAuts
  Temple: 66 daAuts
